Map: World of Sleepers LE

Players

Serral - Winner!

  • Race: Zerg Zerg
  • League: Master
  • Spawn Location: 7:00

Neeblet (Neeb)

  • Race: Protoss Protoss
  • Spawn Location: 1:00

VOD

Have the link to the VOD?

Description

Time

  • Played on: Jan. 14, 2020, 1:02 p.m.
  • Length: 10:11
Show
View Real Time Build Order
Export as new Build Order

Serral Zerg - Winner!

Build Orders: Hatch First 

Get SALT Encoding   

  12  0:00  Drone  
  13  0:12  Overlord  
  13  0:16  Drone  
  14  0:30  Drone x2  
  16  0:48  Hatchery  
  15  0:51  Drone  
  15  0:55  Drone  
  17  0:57  Drone  
  18  1:08  Extractor  
  17  1:13  Spawning Pool  
  17  1:17  Drone  
  17  1:20  Drone  
  18  1:28  Drone  
  19  1:41  Drone  
  20  1:49  Drone  
  21  2:00  Queen x2  
  25  2:05  Overlord  
  25  2:07  Zergling x2  
  26  2:12  Zergling x2  
  27  2:17  Metabolic Boost  
  27  2:20  Drone  
  28  2:29  Drone x2  
  30  2:33  Drone x2  
  32  2:45  Overlord  
  32  2:56  Queen  
  34  2:58  Hatchery  
  34  3:02  Drone x2  
  35  3:13  Drone x2  
  35  3:15  Drone x2  
  38  3:20  Drone, Overlord  
  38  3:21  Drone x2  
  41  3:31  Queen  
  41  3:34  Overlord  
  43  3:38  Drone  
  43  3:40  Spore Crawler  
  43  3:41  Zergling x2  
  44  3:42  Zergling x4  
  44  3:44  Drone  
  47  3:49  Drone  
  47  3:50  Drone  
  49  3:55  Drone  
  49  3:59  Zergling x2  
  51  4:04  Drone x2  
  51  4:05  Spore Crawler, Drone  
  51  4:07  Pneumatized Carapace  
  53  4:11  Queen  
  53  4:13  Zergling x2  
  53  4:15  Overlord  
  53  4:16  Drone x2  
  58  4:19  Drone  
  58  4:20  Drone  
  58  4:23  Overlord  
  60  4:27  Zergling x2  
  61  4:31  Roach Warren  
  61  4:33  Drone x2  
  62  4:38  Overlord  
  62  4:39  Drone  
  62  4:42  Zergling x4  
  62  4:43  Drone  
  62  4:44  Drone  
  67  4:47  Lair  
  67  4:49  Drone  
  67  4:50  Drone  
  69  4:55  Spore Crawler  
  69  4:56  Extractor  
  69  4:58  Extractor  
  69  4:59  Drone x4  
  69  5:01  Drone  
  69  5:04  Drone  
  69  5:07  Drone  
  69  5:12  Drone  
  70  5:17  Drone x4, Evolution Chamber  
  70  5:20  Overlord  
  72  5:21  Drone x4  
  72  5:26  Extractor  
  74  5:32  Drone  
  74  5:33  Spore Crawler, Drone x4  
  78  5:36  Extractor  
  78  5:37  Extractor  
  78  5:38  Overlord  
  78  5:41  Overlord  
  78  5:42  Drone  
  77  5:44  Zerg Melee Weapons Level 1  
  77  5:45  Drone x3  
  77  5:48  Overseer  
  80  5:51  Glial Reconstitution  
  80  5:52  Drone  
  80  5:53  Drone x3  
  84  6:01  Zergling x6  
  84  6:02  Overlord  
  84  6:03  Roach  
  89  6:06  Roach x2  
  89  6:10  Overseer  
  93  6:14  Roach  
  93  6:17  Roach x2  
  99  6:24  Baneling Nest  
  97  6:29  Drone x2  
  99  6:34  Hatchery  
  99  6:38  Drone x2  
  102  6:40  Zergling x6, Roach x5  
  102  6:44  Overlord  
  113  6:48  Overlord  
  113  6:51  Overlord  
  113  6:56  Overlord  
  113  7:04  Overlord  
  113  7:06  Roach x2  
  117  7:10  Roach  
  117  7:11  Centrifical Hooks  
  117  7:13  Roach x3  
  125  7:19  Roach x2  
  125  7:20  Roach x7  
  136  7:32  Zergling x2  
  136  7:33  Zergling x4  
  134  7:41  Roach x3  
  135  7:46  Queen  
  135  7:48  Roach x5  
  135  7:49  Roach x5  
  157  7:51  Zerg Melee Weapons Level 2  
  157  7:54  Ravager x2  
  159  8:02  Overlord  
  159  8:11  Baneling x6  
  159  8:16  Hatchery  
  159  8:19  Zergling x10  
  159  8:21  Overlord  
  159  8:23  Queen  
  159  8:25  Zergling x12  
  167  8:30  Zergling x4  
  167  8:40  Zergling x18  
  175  8:42  Overlord x2  
  175  8:45  Overlord x3  
  175  8:52  Baneling x26  
  175  8:58  Overlord  
  175  9:01  Ravager  
  175  9:02  Ravager x4  
  180  9:03  Zergling x22  
  180  9:05  Baneling x3  
  180  9:06  Baneling x3  
  180  9:08  Ravager x2  
  193  9:21  Zergling x14  
  196  9:33  Baneling x13  
  196  9:36  Zergling x14  
  196  9:37  Zergling x4  
  197  9:44  Zergling x2  
  197  9:45  Zergling x4  
  199  9:50  Zergling x22  
  191  9:54  Zergling x6  
Show
View Real Time Build Order
Export as new Build Order

Neeblet Protoss 

Build Orders: 1 Gate Expand, Double Forge, Oracle Opening, Phoenix Opening, Archon Immortal 

Get SALT Encoding   

  12  0:00  Probe  
  13  0:12  Probe  
  14  0:17  Pylon  
  14  0:25  Probe (Chrono Boost)  
  15  0:37  Probe (Chrono Boost)  
  15  0:40  Gateway  
  16  0:45  Probe (Chrono Boost)  
  16  0:46  Assimilator  
  17  0:51  Probe  
  18  1:03  Probe  
  19  1:12  Forge  
  19  1:15  Probe  
  20  1:31  Pylon  
  20  1:32  Pylon  
  20  1:43  Nexus  
  20  1:47  Cybernetics Core  
  20  1:49  Probe (Chrono Boost)  
  21  1:59  Assimilator  
  22  2:02  Probe (Chrono Boost)  
  22  2:06  Pylon  
  22  2:09  Probe (Chrono Boost)  
  23  2:16  Probe  
  23  2:21  Adept (Chrono Boost)  
  24  2:28  Probe  
  27  2:30  Stargate  
  27  2:40  Probe, Pylon  
  27  2:44  Adept (Chrono Boost)  
  30  2:47  Warp Gate  
  30  2:52  Probe  
  30  2:57  Probe  
  32  3:04  Probe  
  33  3:08  Adept (Chrono Boost)  
  33  3:09  Probe  
  36  3:16  Probe  
  36  3:17  Oracle (Chrono Boost)  
  37  3:24  Probe  
  41  3:27  Pylon  
  41  3:30  Probe  
  41  3:32  Gateway  
  42  3:36  Probe  
  43  3:42  Probe  
  43  3:47  Phoenix (Chrono Boost)  
  43  3:48  Probe  
  47  3:51  Pylon  
  47  3:54  Probe  
  48  4:00  Probe  
  49  4:06  Probe  
  50  4:10  Oracle (Chrono Boost)  
  50  4:12  Probe  
  54  4:19  Probe  
  55  4:24  Probe  
  55  4:25  Assimilator  
  55  4:26  Assimilator  
  55  4:28  Nexus  
  55  4:30  Pylon  
  56  4:32  Probe  
  56  4:33  Robotics Facility  
  56  4:36  Probe  
  58  4:42  Forge  
  58  4:44  Probe  
  59  4:47  Twilight Council  
  59  4:49  Probe  
  60  4:53  Pylon  
  60  4:56  Probe  
  60  4:58  Sentry, Zealot  
  65  5:01  Probe  
  62  5:08  Probe  
  62  5:14  Probe  
  60  5:18  Immortal (Chrono Boost)  
  60  5:19  Sentry, Shield Battery  
  60  5:20  Probe  
  67  5:24  Zealot  
  67  5:26  Probe  
  67  5:27  Protoss Ground Weapons Level 1  
  70  5:33  Probe (Chrono Boost)  
  71  5:38  Probe (Chrono Boost)  
  71  5:39  Charge  
  71  5:41  Probe (Chrono Boost)  
  73  5:45  Probe (Chrono Boost)  
  73  5:49  Probe (Chrono Boost), Zealot  
  77  5:50  Zealot, Observer  
  77  5:51  Probe (Chrono Boost)  
  77  5:52  Probe (Chrono Boost)  
  77  5:54  Probe (Chrono Boost)  
  83  5:57  Probe, Assimilator  
  83  5:59  Probe  
  83  6:00  Assimilator  
  85  6:04  Probe  
  85  6:05  Pylon  
  85  6:10  Templar Archives  
  86  6:12  Probe x2, Gateway  
  86  6:14  Gateway  
  86  6:16  Probe  
  86  6:17  Warp Prism (Chrono Boost)  
  91  6:38  Probe  
  92  6:41  Gateway  
  92  6:43  Gateway, Nexus  
  92  6:45  Gateway, Pylon  
  92  6:46  Gateway  
  92  6:51  Immortal (Chrono Boost)  
  92  6:53  Psionic Storm  
  96  7:02  High Templar x2  
  96  7:06  Archon  
  96  7:08  Probe x3, Photon Cannon  
  101  7:10  Shield Battery  
  101  7:13  Photon Cannon, Assimilator  
  103  7:17  Zealot x2  
  103  7:20  Probe  
  102  7:23  Probe  
  102  7:25  Immortal (Chrono Boost)  
  103  7:34  Probe x2  
  103  7:36  Zealot x2  
  102  7:37  Zealot x3  
  102  7:40  Zealot  
  102  7:41  Zealot  
  102  7:42  Probe  
  109  7:50  Pylon  
  109  7:51  Pylon  
  109  7:55  Probe, Immortal (Chrono Boost)  
  109  7:56  Probe  
  115  7:59  High Templar x4  
  115  8:04  Archon x2  
  123  8:08  Shield Battery  
  123  8:10  Shield Battery  
  123  8:13  Pylon x2  
  117  8:21  Zealot x4  
  117  8:26  Immortal (Chrono Boost)  
  125  8:32  Probe x2  
  131  8:41  High Templar x4  
  133  8:42  High Templar  
  141  8:54  Gateway  
  141  8:56  Gateway, Dark Shrine  
  141  8:58  Immortal  
  145  9:08  Photon Cannon, Nexus  
  145  9:13  Pylon  
  145  9:15  Zealot x5  
  155  9:23  Pylon  
  155  9:24  Pylon  
  155  9:25  Pylon  
  155  9:28  High Templar  
  155  9:33  High Templar  
  155  9:34  High Templar  
  155  9:37  High Templar  
  155  9:38  High Templar, Archon  
  163  9:42  Archon  
  163  9:44  Archon  
  159  9:46  Zealot x3  
  159  9:52  Archon  
  143  9:54  Probe  
  143  9:55  Zealot x2  
Tags
 
Add a new tag
Caveats
  • Supply blocks, unpowered buildings, or Contaminate may cause inaccurate times.
  • Supply counts are checked every 10 seconds.